 Dungeon Crawl Stone Soup version 0.25.0-1-g7eea58d (webtiles) character file.

Game seed: 1333276016373291250

240 yaymichael the Magician (level 6, -2/34 HPs)
             Began as a Tengu Wizard on June 14, 2020.
             Killed by divine providence
             ... invoked by an orc priest
              (14 damage)
             ... on level 4 of the Dungeon.
             The game lasted 00:12:34 (5360 turns).

yaymichael the Magician (Tengu Wizard)              Turns: 5360, Time: 00:12:35

Health: -2/34      AC:  2    Str:  8    XL:     6   Next: 8%
Magic:  12/13      EV: 16    Int: 19    God:
Gold:   129        SH:  0    Dex: 13    Spells: 3/14 levels left

rFire    . . .     SeeInvis .   s - +0 war axe (venom)
rCold    . . .     Gourm    .   (no shield)
rNeg     . . .     Faith    .   a - +0 robe
rPois    .         Spirit   .   b - +0 hat
rElec    .         Reflect  .   (no cloak)
rCorr    .         Harm     .   (no gloves)
MR       .....                  (boots unavailable)
Stlth    ++........             (no amulet)
HPRegen  0.11/turn              (no ring)
MPRegen  0.13/turn              (no ring)

@: lethally poisoned (-2 -> -6), flying quickly and evasively, quick
A: beak, talons 3, able to fly
a: Stop Flying


You were on level 4 of the Dungeon.
You were not hungry.

You visited 1 branch of the dungeon, and saw 4 of its levels.

You collected 129 gold pieces.

Inventory:

Hand Weapons
 j - a +0 short sword
 s - a +0 war axe of venom (weapon)
Missiles
 e - a throwing net (quivered)
 v - 6 javelins
Armour
 a - a +0 robe (worn)
 b - a +0 hat (worn)
 i - a +0 buckler
Scrolls
 c - 6 scrolls of remove curse
 g - 4 scrolls of identify
 h - 2 scrolls of teleportation
 k - a scroll of enchant weapon {unknown}
 n - a scroll of fog {unknown}
 o - a scroll of noise {unknown}
Potions
 l - a potion of curing
 m - 2 potions of might
 p - a potion of ambrosia
 q - a potion of berserk rage {unknown}
 r - 2 potions of lignification {unknown}
 t - a potion of haste {unknown}
Comestibles
 d - 2 rations
 u - a chunk of flesh


   Skills:
 * Level 1.5 Fighting
 + Level 0.3 Short Blades
 * Level 3.3 Dodging
 - Level 2.1 Stealth
 + Level 0.9 Unarmed Combat
 * Level 4.5 Spellcasting
 * Level 3.6 Conjurations
 + Level 1.2 Summonings
 + Level 1.0 Translocations


You had 3 spell levels left.
You knew the following spells:

 Your Spells              Type           Power        Failure   Level  Hunger
a - Magic Dart            Conj           ###.         3%          1    None
b - Call Imp              Summ           #.......     12%         2    #......
c - Blink                 Tloc           N/A          13%         2    #......
d - Conjure Flame         Conj/Fire      ##......     19%         3    ###....
e - Mephitic Cloud        Conj/Pois/Air  #.......     24%         3    ###....

Your spell library contained the following spells:

 Spells                   Type           Power        Failure   Level  Hunger
 Slow                     Hex            #.......     21%         2    #......


Dungeon Overview and Level Annotations

Branches:
Dungeon (4/15)
 Temple: D:4-7

Altars:

Annotations:
D:3 1 runed translucent door, MrPhthalo's ghost, amateur DsBe


Innate Abilities, Weirdness & Mutations

You have a beak for a mouth.
You have claws for feet.
You can fly continuously.


Message History

The adder is severely wounded.
You feel sick. The adder misses you. The adder barely misses you.
You miss the adder. You claw the adder, but do no damage.
The adder is severely wounded.
The adder closely misses you. The adder bites you.
You are more poisoned.
The adder poisons you!
You barely miss the adder.
The adder is severely wounded.
Your surroundings suddenly seem different.
You feel sick.
The orc priest shouts!
The orc wizard barely misses you.
Unknown command.
You hit the orc priest.
The orc priest is poisoned.
The orc priest is moderately wounded.
You barely miss the orc wizard.
You feel sick.
The orc priest invokes the aid of Beogh against you.
Beogh smites you!
You die...

#+## ##...## ###
##.....## #@#
#.<.....# #o.o#
#..o......# .....o.
+...o.....+
#.#...####.........#
#.#..## ##.o.....##
# ..## ##.....## #.
##...## #. #+##


You could see an orc priest (very poisoned), an orc wizard and an orc.

Vanquished Creatures
  A howler monkey (D:4)
  2 worker ants
  6 adders
  2 worms (D:3)
  2 dart slugs
  3 leopard geckos
  8 orcs (D:3)
  A ball python (D:3)
  2 giant cockroaches
  11 goblins
  8 hobgoblins
  6 jackals
  12 bats
  5 frilled lizards
  6 kobolds
  3 rats
78 creatures vanquished.

Vanquished Creatures (others)
  10 fungi (D:4)
  5 toadstools (D:1)
15 creatures vanquished.

Grand Total: 93 creatures vanquished

Notes
Turn   | Place    | Note
-------+----------+-------------------------------------------
     0 | D:1      | yaymichael the Tengu Wizard began the quest for the Orb.
     0 | D:1      | Reached XP level 1. HP: 10/10 MP: 5/5
   237 | D:1      | Reached XP level 2. HP: 12/15 MP: 0/7
  1103 | D:1      | Reached XP level 3. HP: 20/20 MP: 5/9
  1323 | D:1      | Learned a level 2 spell: Call Imp
  2057 | D:2      | Learned a level 2 spell: Blink
  2103 | D:2      | Reached XP level 4. HP: 24/24 MP: 7/10
  2527 | D:2      | Reached skill level 1 in Fighting
  2672 | D:2      | Learned a level 3 spell: Conjure Flame
  3421 | D:3      | Noticed a black bear
  3695 | D:3      | Gained mutation: You can fly continuously. [Tengu growth]
  3695 | D:3      | Reached XP level 5. HP: 13/29 MP: 0/11
  3983 | D:3      | Reached skill level 4 in Spellcasting
  4231 | D:3      | Reached skill level 1 in Translocations
  4472 | D:3      | Found a runed translucent door.
  4474 | D:3      | Noticed MrPhthalo's ghost (amateur DsBe)
  4652 | D:3      | Learned a level 3 spell: Mephitic Cloud
  5133 | D:4      | Reached XP level 6. HP: 34/34 MP: 1/13
  5338 | D:4      | Found the +7 Singing Sword {vorpal, sonic wave}
  5360 | D:4      | Killed from afar by an orc priest

Illustrated notes

Levels and vault maps discovered:
D:1:      ldierk_walled_garden, layout_loops_cross
D:2:      layout_loops_cross
D:3:      layout_loops_ring, first_ration, ebering_ghost_reflecting_pool
D:4:      old_forge, layout_loops_corners, minmay_temple_entry_wispy,
          nicolae_ru_path_of_blood

Skill      XL: |  1  2  3  4  5 |
---------------+----------------+-----
Conjurations   | 2 3 |  3.6
Fighting       | 1 |  1.5
Dodging        | 3 |  3.3
Spellcasting   | 4 |  4.5
Translocations | 1 |  1.0
Short Blades   | |  0.3
Stealth        | |  2.1
Unarmed Combat | |  0.9
Summonings     | |  1.2

Action                   |  1- 3 |  4- 6 || total
-------------------------+-------+-------++-------
Melee: Unarmed           |    28 |       ||    28
       Kick              |     6 |     8 ||    14
       Peck              |     4 |     5 ||     9
       Short sword       |     8 |    26 ||    34
       War axe           |       |    32 ||    32
 Cast: Magic Dart        |    74 |   122 ||   196
       Blink             |       |     4 ||     4
       Conjure Flame     |       |     3 ||     3
 Abil: Fly               |       |     1 ||     1
  Use: Potion            |       |     3 ||     3
       Scroll            |       |     4 ||     4
 Stab: Distracted        |     1 |       ||     1
       Sleeping          |       |     3 ||     3
  Eat: Chunk             |     3 |     7 ||    10
       Ration            |       |     1 ||     1
Armor: Robe              |    11 |    17 ||    28
Dodge: Dodged            |    55 |   128 ||   183
